 Dungeon Crawl Stone Soup version 0.20.1-1-g8b1a95d (webtiles) character file.

2676 Inarius the Reanimator (level 9, -4/75 HPs)
             Began as a Hill Orc Necromancer on July 2, 2017.
             Slain by a hornet zombie (7 damage)
             ... on level 6 of the Dungeon on July 3, 2017.
             The game lasted 00:42:11 (10336 turns).

Inarius the Reanimator (Hill Orc Necromancer)      Turns: 10336, Time: 00:42:11

Health: -4/75      AC:  8    Str: 11    XL:     9   Next: 64%
Magic:  15/15      EV:  9    Int: 18    God:
Gold:   469        SH:  0    Dex: 11    Spells: 3/19 levels left

rFire    . . .     SeeInvis .   r - +1 rapier (venom)
rCold    . . .     Gourm    .   (no shield)
rNeg     . . .     Faith    .   y - +0 scale mail
rPois    +         Spirit   .   (helmet restricted)
rElec    .         Reflect  .   (no cloak)
rCorr    .         Harm     .   (no gloves)
MR       .....                  o - +0 pair of boots
Stlth    ..........             (no amulet)
Regen    0.3/turn               (no ring)
MPRegen  0.2/turn               (no ring)

@: no status effects
A: beak, hooves 1, low mp 1, mutation resistance 1, sense surroundings 1, poison
resistance
a: no special abilities


You were on level 6 of the Dungeon.
You were not hungry.

You visited 2 branches of the dungeon, and saw 8 of its levels.

You collected 469 gold pieces.

Inventory:

Hand Weapons
 r - a +1 rapier of venom (weapon)
 w - a +2 dagger of speed
Armour
 j - a +1 leather armour
 o - a +0 pair of boots (worn)
 y - a +0 scale mail (worn)
Scrolls
 d - 2 scrolls of enchant weapon
 e - 3 scrolls of recharging
 k - a scroll of noise
 m - 3 scrolls of teleportation
 n - 2 scrolls of fog
 p - a scroll of identify
 s - a scroll of enchant armour
 u - 3 scrolls of amnesia
Potions
 f - 2 potions of curing
 g - 2 potions of heal wounds
 i - a potion of might
 l - a potion of agility {unknown}
 q - a potion of lignification {unknown}
 v - a potion of cancellation {unknown}
 x - a potion of experience {unknown}
Books
 b - a book of Necromancy

   Spells                             Type                      Level
   a - Pain                           Necromancy                   1
   b - Animate Skeleton               Necromancy                   1
   c - Vampiric Draining              Necromancy                   3
   d - Regeneration                   Charms/Necromancy            3
   e - Animate Dead                   Necromancy                   4
   f - Control Undead                 Necromancy                   4
 c - a book of Clouds

   Spells                             Type                      Level
   a - Poisonous Vapours              Poison/Air                   2
   b - Mephitic Cloud                 Conjuration/Poison/Air       3
   c - Conjure Flame                  Conjuration/Fire             3
   d - Freezing Cloud                 Conjuration/Ice/Air          6
   e - Ring of Flames                 Charms/Fire                  7
Comestibles
 a - 2 meat rations
 h - 5 royal jellies
 t - 2 fruits
 z - a bread ration


   Skills:
 * Level 6.2 Fighting
 - Level 1.2 Short Blades
 * Level 3.7 Armour
 - Level 3.2 Dodging
 - Level 1.5 Stealth
 + Level 5.8 Spellcasting
 * Level 1.6 Charms
 + Level 8.1 Necromancy


You had 3 spell levels left.
You knew the following spells:

 Your Spells              Type           Power        Failure   Level  Hunger
a - Pain                  Necr           ####         2%          1    None
b - Animate Skeleton      Necr           N/A          2%          1    None
c - Vampiric Draining     Necr           ####......   7%          3    ##.....
d - Animate Dead          Necr           N/A          22%         4    ####...
e - Regeneration          Chrm/Necr      ###.......   26%         3    ##.....
f - Control Undead        Necr           ####......   22%         4    ####...


Dungeon Overview and Level Annotations

Branches:
Dungeon (7/15)             Temple (1/1) D:6

Altars:
Ashenzari
Cheibriados
Dithmenos
Elyvilon
Fedhas
Gozag
Hepliaklqana
Nemelex Xobeh
Okawaru
Qazlal
Sif Muna
Trog
Uskayaw
Vehumet
Xom
Yredelemnul
Zin

Shops:
D:7 (


Innate Abilities, Weirdness & Mutations

You have a beak for a mouth.
You have large cloven feet.
Your magical capacity is low. (-10% MP)
You are somewhat resistant to further mutation.
You passively map a small area around you.
Your system is resistant to poisons. (rPois)


Message History

* * * LOW HITPOINT WARNING * * *
You hit the hornet zombie but do no damage.
You peck the hornet zombie, but do no damage.
The hornet zombie is heavily damaged.
The hornet zombie closely misses you.
You hit the hornet zombie.
The hornet zombie is heavily damaged.
The hornet zombie hits you.
* * * LOW HITPOINT WARNING * * *
The hornet zombie hits you.
* * * LOW HITPOINT WARNING * * *
You hit the hornet zombie.
You peck the hornet zombie, but do no damage.
The hornet zombie is severely damaged.
The hornet zombie hits you!
* * * LOW HITPOINT WARNING * * *
You closely miss the hornet zombie.
The hornet zombie is severely damaged.
The hornet zombie hits you!
You die...

#####≈≈≈#..............##)#
########.##..#...#.##>#
#>##.###.##.##.# #.##.#
#.##.##.# #.##.# #.##.##.#
#.##.###.##.##.#
#)#...##.##.##.# ##### ###
#)..........##.# ....###.##
#....@Z........#
###.##Z#.###.......#.######
#...###.##......###.##
######.#.###.#....####.##
.......()Z.).......# ##.#
######.((###.###..####.##
....(()).###.# ##.###.##
#######....).# #..#Z##
##.##### #.#.##


You could see a hornet zombie.

Vanquished Creatures
  Sigmund (D:2)
  Menkaure (D:5)
  A water moccasin (D:7)
  2 sky beasts (D:6)
  4 ogres
  A centaur (D:6)
  2 big kobolds (D:6)
  Blork the orc (D:6)
  3 bullfrogs
  A gnoll sergeant (D:7)
  A wyvern zombie (D:6)
  Dowan (D:4)
  2 crimson imps
  A jelly (D:6)
  4 orc priests
  A centaur skeleton (D:4)
  7 hounds
  6 orc wizards
  7 worker ants
  A hound skeleton (D:6)
  2 gnolls (D:7)
  12 adders
  An ooze (D:1)
  An adder skeleton (D:4)
  2 worms
  2 leopard geckos (D:2)
  20 orcs
  10 bats
  4 giant cockroaches
  6 goblins (D:1)
  7 hobgoblins
  16 jackals
  7 kobolds
  6 quokkas
  4 ball pythons
  3 frilled lizards
  9 rats
160 creatures vanquished.

Vanquished Creatures (collateral kills)
  Duvessa (D:4)
  A phantom (D:4)
  3 adders (D:4)
  A worm (D:3)
  A leopard gecko (D:6)
  An orc (D:5)
  2 goblins (D:1)
  4 hobgoblins
  2 jackals
  3 ball pythons (D:4)
  A frilled lizard (D:2)
  A rat (D:4)
21 creatures vanquished.

Grand Total: 181 creatures vanquished

Notes
Turn   | Place    | Note
-------+----------+-------------------------------------------
     0 | D:1      | Inarius the Hill Orc Necromancer began the quest for the Orb.
     0 | D:1      | Reached XP level 1. HP: 14/14 MP: 3/3
    15 | D:1      | Learned a level 1 spell: Animate Skeleton
   287 | D:1      | Reached XP level 2. HP: 22/22 MP: 2/4
   454 | D:1      | Reached skill level 1 in Fighting
   889 | D:1      | Reached XP level 3. HP: 24/28 MP: 4/6
  1068 | D:2      | Learned a level 3 spell: Vampiric Draining
  1076 | D:2      | Noticed Sigmund
  1223 | D:2      | Found a glowing silver altar of Zin.
  1456 | D:2      | Killed Sigmund
  1456 | D:2      | Reached skill level 1 in Short Blades
  1456 | D:2      | Reached skill level 5 in Necromancy
  1456 | D:2      | Reached XP level 4. HP: 22/36 MP: 0/8
  1456 | D:2      | Reached XP level 5. HP: 25/41 MP: 0/9
  1803 | D:3      | Learned a level 4 spell: Animate Dead
  1976 | D:3      | Reached XP level 6. HP: 42/50 MP: 0/10
  2219 | D:3      | HP: 3/75 [something (2)]
  2524 | D:3      | Reached skill level 1 in Armour
  2802 | D:3      | Found a white marble altar of Elyvilon.
  3896 | D:4      | Reached XP level 7. HP: 35/57 MP: 5/11
  3901 | D:4      | Learned a level 3 spell: Regeneration
  4061 | D:4      | Noticed Dowan
  4109 | D:4      | Killed Dowan
  4441 | D:4      | Noticed Duvessa
  5350 | D:4      | Reached skill level 6 in Necromancy
  5488 | D:4      | Killed Duvessa
  5488 | D:4      | Reached XP level 8. HP: 27/66 MP: 5/13
  5950 | D:4      | Found a shadowy altar of Dithmenos.
  6379 | D:5      | Entered Level 5 of the Dungeon
  6553 | D:5      | Noticed Menkaure
  6560 | D:5      | Killed Menkaure
  6662 | D:5      | Reached skill level 7 in Necromancy
  6759 | D:5      | Reached skill level 5 in Fighting
  7375 | D:5      | Upgraded the game from 0.20.1 to 0.20.1-1-g8b1a95d
  7415 | D:6      | Noticed Blork the orc
  7427 | D:6      | Killed Blork the orc
  7708 | D:6      | Reached skill level 5 in Spellcasting
  7714 | D:6      | Gained mutation: You have large cloven feet. [mutagenic meat]
  7716 | D:6      | Gained mutation: You have a beak for a mouth. [mutagenic meat]
  7717 | D:6      | Gained mutation: You are clumsy. (Dex -2) [mutagenic meat]
  8084 | D:5      | Learned a level 4 spell: Control Undead
  8167 | D:6      | Found a staircase to the Ecumenical Temple.
  8176 | Temple   | Entered the Ecumenical Temple
  8266 | D:6      | Reached XP level 9. HP: 67/74 MP: 16/16
  9379 | D:6      | Gained mutation: You passively map a small area around you. [mutagenic meat]
  9381 | D:6      | Gained mutation: Your system is resistant to poisons. (rPois) [mutagenic meat]
  9382 | D:6      | Lost mutation: You are clumsy. (Dex -2) [mutagenic meat]
  9383 | D:6      | Gained mutation: Your magical capacity is low. (-10% MP) [mutagenic meat]
  9384 | D:6      | Gained mutation: You are somewhat resistant to further mutation. [mutagenic meat]
  9831 | D:7      | Reached skill level 1 in Charms
  9854 | D:7      | Reached skill level 8 in Necromancy
 10128 | D:7      | Found Arut's Antique Weapon Boutique.
 10335 | D:6      | HP: 3/75 [hornet zombie (9)]
 10336 | D:6      | Slain by a hornet zombie

Skill      XL: |  1  2  3  4  5  6  7  8  9 |
---------------+----------------------------+-----
Fighting       | 1 2 3 4 5 6 |  6.2
Spellcasting   | 2 3 5 |  5.8
Short Blades   | 1 |  1.2
Necromancy     | 5 6 7 8 |  8.1
Dodging        | 2 3 |  3.2
Armour         | 2 3 |  3.7
Charms         | 1 |  1.6
Stealth        | |  1.5

Action                   |  1- 3 |  4- 6 |  7- 9 || total
-------------------------+-------+-------+-------++-------
Melee: Unarmed           |     2 |       |       ||     2
       Dagger            |    66 |    93 |       ||   159
       Long sword        |       |    55 |    63 ||   118
       Rapier            |       |       |   196 ||   196
       Peck              |       |       |    14 ||    14
 Cast: Pain              |    41 |    47 |   183 ||   271
       Animate Skeleton  |    19 |     6 |    11 ||    36
       Animate Dead      |       |     8 |    18 ||    26
       Vampiric Draining |       |     1 |     2 ||     3
       Regeneration      |       |       |     7 ||     7
       Control Undead    |       |       |     1 ||     1
  Use: Potion            |     1 |     2 |     2 ||     5
       Scroll            |       |       |    10 ||    10
 Stab: Sleeping          |       |       |     4 ||     4
       Distracted        |       |       |     3 ||     3
  Eat: Chunk             |     3 |     5 |    27 ||    35
       Bread ration      |       |     1 |     2 ||     3
       Fruit             |       |       |     1 ||     1
Armor: Robe              |    18 |    30 |       ||    48
       Leather armour    |       |    16 |    73 ||    89
       Scale mail        |       |       |    28 ||    28
Dodge: Dodged            |    68 |   135 |   204 ||   407
       Rpst.: Long sword |       |    19 |    27 ||    46
